 Dungeon Crawl Stone Soup version 0.24.0-37-gcf1ca852f1 (webtiles) character file.

Game seed: 5413431575595557775, levelgen mode: deterministic

29204 grindst0ne the Champion of Chaos (level 13, 0/81 HPs)
             Began as an Octopode Fighter on Nov 25, 2019.
             Was the Champion of Makhleb.
             Slain by a seven-headed hydra (16 damage)
             ... on level 4 of the Lair of Beasts.
             The game lasted 00:51:43 (15354 turns).

grindst0ne the Champion of Chaos (OpFi)            Turns: 15354, Time: 00:51:46

Health: 0/81       AC:  3    Str: 15    XL:     13   Next: 43%
Magic:  49/49      EV: 21    Int: 12    God:    Makhleb [******]
Gold:   1537       SH: 17    Dex: 15    Spells: 12/12 levels left

rFire    . . .     SeeInvis +   y - +14 obsidian axe {chop, +Fly SInv *Curse} (curse)
rCold    + . .     Gourm    .   b - +5 shield
rNeg     . . .     Faith    .   s - +2 hat of Gravitas {+Blink +Inv}
rPois    .         Spirit   .   (no amulet)
rElec    .         Reflect  .   r - ring of magical power
rCorr    .         Harm     .   w - ring of see invisible
MR       .....                  c - ring of flight
Stlth    ++++......             L - ring of protection from cold
HPRegen  0.23/turn              C - ring of magical power
MPRegen  0.31/turn              I - ring of magical power
                                (no ring)
                                (no ring)

@: mesmerised
A: almost no armour, stealthy swim, amphibious, 8 rings, constrict 8, camouflage
1, gelatinous body 1
a: Minor Destruction, Lesser Servant of Makhleb, Major Destruction, Greater
Servant of Makhleb, Renounce Religion, Evoke Blink, Evoke Invisibility, Evoke
Flight


You were on level 4 of the Lair of Beasts.
You worshipped Makhleb.
Makhleb was exalted by your worship.
You were not hungry.

You visited 2 branches of the dungeon, and saw 15 of its levels.
You also visited: Ossuary and Gauntlet.

You collected 1537 gold pieces.

Inventory:

Hand Weapons
 g - the +5 spear of World's End {flame, *Noise rF++ Int+5}
   (You found it on level 4 of the Dungeon)

   It has been specially enchanted to burn those struck by it, causing extra
   injury to most foes and up to half again as much damage against particularly
   susceptible opponents.
   It affects your intelligence (+5).
   It greatly protects you from fire.
   It may make noises in combat.
 v - a +0 dagger of protection
 y - the cursed +14 obsidian axe (weapon) {chop, +Fly SInv *Curse}
   (You found it on level 9 of the Dungeon)

   It inflicts extra damage upon your enemies.
   It lets you see invisible.
   It lets you fly.
   It curses itself when equipped.
   It has a curse placed upon it.
Missiles
 k - 8 atropa-tipped darts
 N - 8 curare-tipped darts (quivered)
 S - 10 javelins
Armour
 b - a +5 shield (worn)
 s - the +2 hat of Gravitas (worn) {+Blink +Inv}
   (You found it in a Gauntlet)

   It lets you turn invisible.
   It lets you blink.
Jewellery
 c - a ring of flight (on tentacle)
 l - the ring "Vamutaos" {*Contam rPois Int+8 Dex-4 Stlth+}
   (You took it off a minotaur in a Gauntlet)

   [ring of stealth]

   It affects your intelligence (+8).
   It affects your dexterity (-4).
   It protects you from poison.
   It causes magical contamination when unequipped.
   It makes you more stealthy.
 r - a ring of magical power (left tentacle)
 w - a ring of see invisible (right tentacle)
 C - a ring of magical power (on tentacle)
 F - an uncursed ring of ice
 I - a ring of magical power (on tentacle)
 L - a ring of protection from cold (on tentacle)
Wands
 o - a wand of disintegration (11)
 x - a wand of enslavement (9)
 G - a wand of iceblast (13)
 M - a wand of clouds (4)
 P - a wand of flame (17)
Scrolls
 e - 7 scrolls of remove curse
 f - 7 scrolls of teleportation
 i - 8 scrolls of enchant weapon
 m - 3 scrolls of blinking
 n - 2 scrolls of amnesia
 t - 2 scrolls of torment
 z - 2 scrolls of fog {unknown}
 B - 2 scrolls of immolation
 J - a scroll of fear
 K - a scroll of holy word
 O - 2 scrolls of acquirement {unknown}
 Q - a scroll of magic mapping {unknown}
 U - a scroll of enchant armour
Potions
 a - 2 potions of heal wounds {unknown}
 h - a potion of experience {unknown}
 j - a potion of haste
 p - a potion of berserk rage
 q - 3 potions of mutation
 u - 2 potions of brilliance
 A - a potion of flight
 D - 2 potions of magic
 H - 3 potions of cancellation
Miscellaneous
 E - a lightning rod (4/4)
 R - a sack of spiders
Comestibles
 d - 32 rations
 T - 15 chunks of flesh


   Skills:
 - Level 5.0 Fighting
 * Level 9.6(9.7) Axes
 - Level 1.7(6.3) Polearms
 + Level 11.7 Dodging
 - Level 6.2 Stealth
 + Level 11.7 Shields
 + Level 12.1 Invocations


You had 12 spell levels left.
You didn't know any spells.
Your spell library contained the following spells:

 Spells                   Type           Power        Failure   Level  Hunger
 Animate Skeleton         Necr           N/A          45%         1    ##.....
 Corona                   Hex            #......      45%         1    ##.....
 Magic Dart               Conj           #...         45%         1    ##.....
 Pain                     Necr           #...         45%         1    ##.....
 Summon Butterflies       Summ           #.......     45%         1    ##.....
 Summon Small Mammal      Summ           #...         45%         1    ##.....
 Call Imp                 Summ           #.......     58%         2    ###....
 Ensorcelled Hibernation  Hex/Ice        #.....       58%         2    ###....
 Searing Ray              Conj           #.....       58%         2    ###....
 Slow                     Hex            #.......     58%         2    ###....
 Call Canine Familiar     Summ           #.......     83%         3    ####...
 Confuse                  Hex            #.......     83%         3    ####...
 Dazzling Spray           Conj/Hex       #.....       83%         3    ####...
 Inner Flame              Hex/Fire       #.......     83%         3    ####...
 Portal Projectile        Hex/Tloc       #.....       83%         3    ####...
 Recall                   Summ/Tloc      N/A          83%         3    ####...
 Regeneration             Chrm/Necr      #.........   83%         3    ####...
 Summon Guardian Golem    Hex/Summ       #.......     83%         3    ####...
 Tukima's Dance           Hex            #.......     83%         3    ####...
 Vampiric Draining        Necr           #.........   83%         3    ####...
 Animate Dead             Necr           N/A          99%         4    #####..
 Cause Fear               Hex            #.........   99%         4    #####..
 Force Lance              Conj/Tloc      #.......     99%         4    #####..
 Fulminant Prism          Conj/Hex       #.........   99%         4    #####..
 Ice Form                 Ice/Tmut       #.......     99%         4    #####..
 Iskenderun's Mystic Bla  Conj           #.......     99%         4    #####..
 Leda's Liquefaction      Hex/Erth       #.........   99%         4    #####..
 Summon Ice Beast         Ice/Summ       #.......     99%         4    #####..
 Summon Lightning Spire   Summ/Air       #.......     99%         4    #####..
 Aura of Abjuration       Summ           #.........   100%        5    ######.
 Metabolic Englaciation   Hex/Ice        #.........   100%        5    ######.
 Summon Demon             Summ           #.........   100%        5    ######.
 Summon Forest            Summ/Tloc      #.........   100%        5    ######.
 Summon Mana Viper        Hex/Summ       #.......     100%        5    ######.
 Bolt of Cold             Conj/Ice       #.........   100%        6    #######
 Freezing Cloud           Conj/Ice/Air   #.........   100%        6    #######
 Ozocubu's Refrigeration  Ice            #.........   100%        6    #######
 Shadow Creatures         Summ           N/A          100%        6    #######
 Simulacrum               Ice/Necr       #.........   100%        6    #######
 Summon Hydra             Summ           #.........   100%        7    #######


Dungeon Overview and Level Annotations

Branches:
Dungeon (11/15)            Temple (0/1) D:4            Lair (4/6) D:10
 Spider (0/4) Lair:3          Orc (0/2) D:11        Ossuary (visited)
Gauntlet (visited)
  Swamp: Lair:2-4    Shoals: Lair:2-4

Altars:
Ashenzari
Dithmenos
Elyvilon
Makhleb
Qazlal
Ru
Sif Muna
Vehumet
Xom
Yredelemnul
The Shining One

Shops:
D:4 [   D:7 *

Annotations:
D:8 exclusion: downstairs
Lair:3 Rupert


Innate Abilities, Weirdness & Mutations

You cannot wear most types of armour.
You are very stealthy in the water. (Stealth+)
You are amphibious.
You can wear up to eight rings at the same time.
You can use your tentacles to constrict eight enemies at once.
Your skin changes colour to match your surroundings (Stealth+).
Your rubbery body absorbs attacks. (AC +1, EV +1)


Message History

HP restored.
A seven-headed hydra comes into view.
Visions of slaying the seven-headed hydra flood into your mind.
Evoke which item? (* to show all) (? for menu, Esc to quit)
You reach into the bag... ...but nothing happens.
Okay, then.
A demon appears!
The seven-headed hydra completely misses you.
You block the seven-headed hydra's attack.
The seven-headed hydra completely misses you.
You block the seven-headed hydra's attack.
The seven-headed hydra bites you! x3
A demon appears!
The seven-headed hydra bites you!
* * * LOW HITPOINT WARNING * * *
The seven-headed hydra closely misses you.
You block the seven-headed hydra's attack.
The seven-headed hydra misses you. The seven-headed hydra bites you.
* * * LOW HITPOINT WARNING * * *
The seven-headed hydra bites you!
You die...

.P#.........
........... .
......... ..
#..>...# ##
#..#......##P##
##......3....##
##.............##
#..(...@3.......#
....P..D3.<÷....#
..#.............#
###......÷....#
#.....###....#
#P....## #.#.#
.......# ####
.......# ....


You could see a seven-headed hydra, a friendly sixfirhy, a friendly smoke demon
and a friendly neqoxec.

Vanquished Creatures
  A blizzard demon (Gauntlet)
  A hydra (D:8)
  A two-headed ogre (D:7)
  A tengu warrior (Gauntlet)
  An ugly thing (D:9)
  2 spiny frogs (Lair:1)
  A komodo dragon (Lair:4)
  An ice devil (Gauntlet)
  A tengu conjurer (Gauntlet)
  A queen bee (D:11)
  2 trolls (D:9)
  5 blink frogs (Lair:1)
  5 hippogriffs
  2 dream sheep (D:8)
  22 yaks
  2 wyverns
  A basilisk (D:10)
  A vampire mosquito (D:9)
  Menkaure (Ossuary)
  3 water moccasins
  3 porcupines
  A soldier ant (D:9)
  4 ice beasts
  A black bear (D:7)
  4 sky beasts
  5 orc warriors
  3 phantoms
  2 necrophages
  8 wolves
  7 ogres
  11 centaurs
  5 big kobolds
  4 crocodiles
  11 bullfrogs
  A gnoll sergeant (D:6)
  A wyvern zombie (D:8)
  2 scorpions
  29 killer bees (D:11)
  8 wights
  A howler monkey (D:10)
  4 crimson imps
  A quasit (D:9)
  5 hounds
  3 jellies
  2 bullfrog skeletons
  4 orc priests
  7 orc wizards
  2 centaur skeletons (D:11)
  2 gnoll shamans (D:5)
  2 iguanas (D:9)
  9 worker ants
  3 killer bee zombies (D:9)
  A hound zombie (D:6)
  3 mummies (Ossuary)
  2 worker ant zombies (D:11)
  9 gnolls
  17 adders
  2 shadow imps
  2 oozes (D:2)
  2 adder skeletons
  3 worms
  2 dart slugs (D:1)
  9 leopard geckos
  39 orcs
  A ball python (D:5)
  10 bats
  7 giant cockroaches
  9 goblins
  18 hobgoblins
  4 jackals
  2 quokkas
  2 frilled lizards
  4 gnoll skeletons (Ossuary)
  5 gnoll zombies (Ossuary)
  2 goblin skeletons (Ossuary)
  3 goblin zombies (Ossuary)
  4 hobgoblin skeletons (Ossuary)
  4 hobgoblin zombies (Ossuary)
  A jackal zombie (D:5)
  24 kobolds
  4 kobold skeletons (Ossuary)
  5 kobold zombies (Ossuary)
  3 orc skeletons (Ossuary)
  2 orc zombies (Ossuary)
  A quokka skeleton (D:4)
  A quokka zombie (D:6)
  8 rats
  5 rat skeletons (Ossuary)
  5 rat zombies (Ossuary)
  A fungus (Lair:1)
436 creatures vanquished.

Vanquished Creatures (collateral kills)
  A minotaur (Gauntlet)
  A great orb of eyes (Gauntlet)
  A hydra (Lair:3)
  2 two-headed ogres
  An unseen horror (D:9)
  2 ugly things
  A manticore (D:9)
  An elephant (D:10)
  A centaur skeleton (D:10)
  4 spiny frogs
  2 komodo dragons
  A polar bear (Lair:3)
  2 blink frogs (Lair:1)
  A hippogriff (D:10)
  A wraith (D:10)
  A wyvern (Lair:3)
  18 yaks
  A basilisk (Lair:1)
  A water moccasin (D:9)
  2 porcupines (Lair:1)
  An ice beast (D:11)
  A black bear (D:10)
  3 wolves
  A crocodile (Lair:1)
  2 bullfrogs
  A scorpion (D:9)
  A killer bee (D:11)
  A bullfrog zombie (D:11)
  A bullfrog skeleton (D:9)
  A hound (D:11)
  An orc wizard (D:11)
  A hound skeleton (D:10)
  A worker ant zombie (D:9)
  An adder (D:10)
  8 orcs
  A kobold (D:9)
  A quokka (D:9)
  A fungus (Lair:3)
73 creatures vanquished.

Vanquished Creatures (others)
  A goblin skeleton (Ossuary)
  A goblin zombie (Ossuary)
  A hobgoblin skeleton (Ossuary)
  A rat skeleton (Ossuary)
  19 demonic plants (Gauntlet)
  7 fungi
  3 plants
  3 toadstools (D:8)
36 creatures vanquished.

Grand Total: 545 creatures vanquished

Notes
Turn   | Place    | Note
-------+----------+-------------------------------------------
     0 | D:1      | grindst0ne the Octopode Fighter began the quest for the
                  | Orb.
     0 | D:1      | Reached XP level 1. HP: 16/16 MP: 1/1
    77 | D:1      | Reached XP level 2. HP: 21/21 MP: 2/2
    78 | D:1      | Reached skill level 1 in Stealth
   884 | D:2      | Reached XP level 3. HP: 16/26 MP: 3/3
  1145 | D:2      | Found a burning altar of Makhleb.
  1302 | D:2      | Became a worshipper of Makhleb the Destroyer
  1342 | D:2      | Reached XP level 4. HP: 4/31 MP: 4/4
  1342 | D:2      | HP: 1/31 [frilled lizard (2)]
  1631 | D:2      | Found a white marble altar of Elyvilon.
  1945 | D:2      | Found a shimmering altar of Xom.
  1946 | D:2      | Found a shadowy altar of Dithmenos.
  2005 | D:2      | Found a shimmering blue altar of Sif Muna.
  2638 | D:3      | Found a shattered altar of Ashenzari.
  2745 | D:3      | Reached XP level 5. HP: 34/37 MP: 5/5
  2767 | D:3      | Reached * piety under Makhleb
  2843 | D:3      | Reached skill level 1 in Invocations
  3031 | D:3      | Found a faded altar of an unknown god.
  3493 | D:4      | Reached XP level 6. HP: 17/43 MP: 7/7
  3725 | D:4      | Found a staircase to the Ecumenical Temple.
  3799 | D:4      | Found Yxeinu's Antique Armour Emporium.
  3847 | D:4      | Got a translucent spear
  3848 | D:4      | Identified the +5 spear of World's End {flame, *Noise rF++
                  | Int+5} (You found it on level 4 of the Dungeon)
  4060 | D:5      | Entered Level 5 of the Dungeon
  4060 | D:5      | Noticed an ice beast
  4064 | D:5      | Noticed an ice beast
  4067 | D:5      | Reached skill level 2 in Invocations
  4073 | D:5      | Killed an ice beast
  4087 | D:5      | Killed an ice beast
  4087 | D:5      | Reached XP level 7. HP: 22/49 MP: 8/8
  4255 | D:5      | Reached ** piety under Makhleb
  4255 | D:5      | Reached skill level 3 in Invocations
  4282 | D:5      | Found a sacrificial altar of Ru.
  4292 | D:5      | Reached skill level 5 in Stealth
  4318 | D:5      | Reached skill level 5 in Fighting
  4396 | D:5      | Reached skill level 5 in Dodging
  4396 | D:5      | Reached skill level 5 in Shields
  4396 | D:5      | Reached XP level 8. HP: 50/55 MP: 10/10
  4815 | D:5      | Reached skill level 4 in Invocations
  5387 | D:6      | Noticed a water elemental
  5389 | D:6      | Found a stormy altar of Qazlal.
  5392 | D:6      | Noticed an air elemental
  5399 | D:6      | Found a basalt altar of Yredelemnul.
  5515 | D:6      | Reached skill level 5 in Invocations
  5908 | D:6      | Reached *** piety under Makhleb
  5908 | D:6      | Reached XP level 9. HP: 52/61 MP: 13/13
  6263 | D:7      | Noticed a two-headed ogre
  6275 | D:7      | Killed a two-headed ogre
  6275 | D:7      | Reached skill level 6 in Invocations
  6383 | D:7      | Reached skill level 7 in Invocations
  6581 | D:7      | Found a glowing golden altar of the Shining One.
  6732 | D:7      | Found Tyer's Lightly-Used Armoury.
  6797 | D:7      | Reached XP level 10. HP: 56/66 MP: 15/15
  6936 | D:7      | Found a radiant altar of Vehumet.
  7300 | D:8      | Reached skill level 8 in Invocations
  7325 | D:8      | Reached **** piety under Makhleb
  7536 | D:8      | Found a sand-covered staircase.
  7544 | Ossuary  | Entered an ossuary
  7804 | Ossuary  | Noticed Menkaure
  7820 | Ossuary  | Killed Menkaure
  7957 | D:8      | Reached ***** piety under Makhleb
  8208 | D:8      | Noticed a three-headed hydra
  8218 | D:8      | Killed a three-headed hydra
  8218 | D:8      | Reached skill level 1 in Polearms
  8218 | D:8      | Reached skill level 9 in Invocations
  8522 | D:9      | Noticed a two-headed ogre
  8808 | D:9      | Found the cursed +14 obsidian axe {chop, +Fly SInv *Curse}
  8969 | D:9      | Reached XP level 11. HP: 71/71 MP: 17/17
  9045 | D:9      | Noticed a white ugly thing
  9073 | D:9      | Killed a white ugly thing
  9097 | D:9      | Found a sacrificial altar of Ru.
  9101 | D:9      | Noticed a manticore
  9112 | D:9      | Killed a manticore
  9134 | D:9      | Noticed an unseen horror
  9143 | D:9      | Killed an unseen horror
  9391 | D:9      | Reached skill level 10 in Invocations
  9486 | D:9      | Reached skill level 10 in Dodging
  9488 | D:9      | Killed a two-headed ogre
  9488 | D:9      | Reached skill level 10 in Shields
 10071 | D:10     | Entered Level 10 of the Dungeon
 10135 | D:10     | Found a shadowy altar of Dithmenos.
 10174 | D:10     | Found a staircase to the Lair.
 10665 | D:11     | Reached skill level 5 in Axes
 10667 | D:11     | Noticed a brown ugly thing
 10674 | D:11     | Killed a brown ugly thing
 10693 | D:11     | Reached XP level 12. HP: 39/77 MP: 19/19
 11343 | D:11     | Noticed a two-headed ogre
 11347 | D:11     | Reached ****** piety under Makhleb
 11350 | D:11     | Killed a two-headed ogre
 11467 | D:11     | Reached skill level 11 in Invocations
 11655 | D:11     | Found a staircase to the Orcish Mines.
 11774 | Lair:1   | Entered Level 1 of the Lair of Beasts
 13195 | Lair:2   | Reached XP level 13. HP: 81/81 MP: 21/21
 13632 | Lair:3   | Found a hole to the Spider Nest.
 13723 | Lair:3   | Found a gate leading to a gauntlet.
 13732 | Gauntlet | Entered a Gauntlet
 13732 | Gauntlet | Found a transporter.
 13732 | Gauntlet | Found a transporter.
 13736 | Gauntlet | Found a transporter.
 13736 | Gauntlet | Found a transporter.
 13744 | Gauntlet | Found a transporter.
 13793 | Gauntlet | Found a transporter.
 13808 | Gauntlet | Found a transporter.
 13822 | Gauntlet | Found a transporter.
 13835 | Gauntlet | Found a transporter.
 13853 | Gauntlet | Noticed a blizzard demon
 13854 | Gauntlet | Found a transporter.
 13936 | Gauntlet | Found a transporter.
 13950 | Gauntlet | Found a transporter.
 13963 | Gauntlet | Found a transporter.
 14062 | Gauntlet | Noticed a great orb of eyes
 14067 | Gauntlet | Found a transporter.
 14067 | Gauntlet | Found a transporter.
 14068 | Gauntlet | Noticed a great orb of eyes
 14069 | Gauntlet | Found a transporter.
 14173 | Gauntlet | Paralysed by a great orb of eyes for 6 turns
 14178 | Gauntlet | Killed a great orb of eyes
 14198 | Gauntlet | Got a spiked hat
 14204 | Gauntlet | Identified the +2 hat of Gravitas {+Blink +Inv} (You found
                  | it in a Gauntlet)
 14417 | Gauntlet | Killed a blizzard demon
 14423 | Gauntlet | Identified the Guide on Curses
 14452 | Gauntlet | Identified the ring "Vamutaos" {*Contam rPois Int+8 Dex-4
                  | Stlth+}
 14452 | Gauntlet | Noticed a minotaur
 14473 | Gauntlet | Killed a minotaur
 14473 | Gauntlet | Reached skill level 12 in Invocations
 15217 | Lair:3   | Noticed Rupert
 15354 | Lair:4   | Slain by a seven-headed hydra

Levels and vault maps discovered:
D:1:      psy_arrival_radial02, layout_basic
D:2:      layout_basic, lemuel_doored_altar, led_sif_pool,
          gammafunk_temple_overflow_pools, elyvilon_altar_4, minmay_bisected
D:3:      minmay_angry_zag, layout_basic, evilmike_ruin_ashenzari,
          chequers_ecumenical_altar_grove, first_ration
D:4:      layout_rooms, temple_statues, serial_shops, shop
D:5:      layout_loops_ring, nicolae_ru_sacrificial_ziggurat
D:6:      kennysheep_housing_project, layout_cave_pools,
          yredelemnul_altar_generic, hangedman_abyss_or_decor_lesser_grid,
          nicolae_qazlal_style_of_elements
D:7:      layout_loops_ring, nicolae_overflow_crystal_walls,
          overflow_temple_1_default, serial_glass, glass_columns_b,
          glass_columns_b, minmay_shop_damaged
D:8:      layout_loops_corners, enter_ossuary_1, hangedman_ranch
          [blue_anna_fruit_fields], minmay_gold_behind_fungi
D:9:      hangedman_cross_cluster, layout_gridville, minmay_radiant
D:10:     layout_cave_pools, david_lair_generic, minmay_misc_feat_hallway,
          minmay_misc_feat_nine_boxes, grunt_dithmenos_smoke_and_mirrors
D:11:     layout_basic, hiddenorc1_lemuel, special_room [special_room_bee]
Lair:1:   wander_river, layout_cave_pods
Lair:2:   layout_gridlike
Lair:3:   layout_loops_ring, spider_nest_entry_web_field,
          gauntlet_entry_generic, minmay_shattered_shrine,
          infiniplex_staircase_pool_2, uniq_rupert
Lair:4:   layout_cave_pods, minmay_swamp_entry_worms, beast_lair_carwin_7,
          grunt_megastairs_3

Skill      XL: |  1  2  3  4  5  6  7  8  9 10 11 12 13 |
---------------+----------------------------------------+-----
Stealth        | 1 2 3 4 5 6 |  6.2
Invocations    | 1 2 3 5 7 9 10 11 12 | 12.1
Dodging        | 4 5 6 7 9 10 11 | 11.7
Fighting       | 4 5 |  5.0
Shields        | 4 5 6 7 9 10 11 | 11.7
Polearms       | 1 |  1.7
Axes           | 5 8 9 |  9.6

Action                   |  1- 3 |  4- 6 |  7- 9 | 10-12 | 13-15 || total
-------------------------+-------+-------+-------+-------+-------++-------
Melee: War axe           |    53 |   114 |       |       |       ||   167
       Constrict         |    13 |    29 |    28 |   100 |    10 ||   180
       Tentacles         |     6 |    17 |    45 |   117 |    22 ||   207
       Spear             |       |    26 |   238 |   274 |     9 ||   547
       Dagger            |       |       |     1 |       |       ||     1
       Broad axe         |       |       |       |   322 |    64 ||   386
Throw: Dart              |       |     6 |     5 |       |     1 ||    12
Invok: Lesser Servant of |       |       |       |       |     9 ||     9
 Abil: Evoke Blink       |       |       |       |       |     1 ||     1
Evoke: Wand              |       |       |       |     3 |     2 ||     5
       Sack of spiders   |       |       |       |       |     1 ||     1
  Use: Potion            |     2 |     2 |     4 |     7 |     9 ||    24
       Scroll            |       |     7 |     8 |    15 |     3 ||    33
 Stab: Sleeping          |     4 |     9 |    13 |    31 |       ||    57
       Distracted        |       |       |     1 |     2 |     2 ||     5
  Eat: Chunk             |     1 |     9 |     9 |    18 |     3 ||    40
       Ration            |       |       |       |     1 |     1 ||     2
Armor: Skin              |     2 |    15 |     6 |     3 |     5 ||    31
Dodge: Dodged            |    34 |    93 |    79 |   239 |    54 ||   499
Block: Shield            |    27 |    59 |   145 |   416 |    63 ||   710
